 Seeded DCSS version 0.28.0-1-gb440e238dd (webtiles) character file.

Game seed: 9021310859293865039 (custom seed)

2 croobank the Sneak (level 1, 0/10 HPs)
             Began as a Felid Delver on Feb 26, 2022.
             Succumbed to an adder's poison
             ... on level 2 of the Dungeon.
             The game lasted 00:02:10 (493 turns).

croobank the Sneak (Felid Delver)                    Turns: 493, Time: 00:02:11

Health: 0/10       AC:  1    Str:  8    XL:     1   Next: 25%
Magic:  2/2        EV: 17    Int: 11    God:
Gold:   9          SH:  0    Dex: 17    Spells: 0/0 levels left
                                        Lives:  0   Deaths: 0

rFire   . . .      SeeInvis +     - Unarmed
rCold   . . .      Faith    .   (shield unavailable)
rNeg    . . .      Spirit   .   (armour unavailable)
rPois   .          Reflect  .   (helmet unavailable)
rElec   .          Harm     .   (cloak unavailable)
rCorr   .          Rampage  .   (gloves unavailable)
Will    .....                   (boots unavailable)
Stlth   +++.......              (no amulet)
HPRegen 0.03/turn               (no ring)
MPRegen 0.08/turn               (no ring)

@: lethally poisoned (0 -> -4), about to teleport, quick
A: very small, claws 1, fangs 3, see invisible, speed 1, shaggy fur 1, stealthy
paws, no weapons or thrown items, no armour, multi-lived
a: no special abilities


You were on level 2 of the Dungeon.
You visited 1 branch of the dungeon, and saw 4 of its levels.

You collected 9 gold pieces.

Inventory:

Jewellery
 f - a ring of protection from fire
Wands
 e - a wand of digging (3)
 g - a wand of acid (8)
Scrolls
 a - a scroll of fog
 b - a scroll of magic mapping
 i - a scroll of identify {unknown}
 j - a scroll of noise {unknown}


   Skills:
 + Level 3.0 Fighting
 + Level 2.7 Dodging
 + Level 6.6 Stealth
 + Level 2.0 Unarmed Combat


You couldn't memorise any spells.
You didn't know any spells.
Your spell library was empty.

Dungeon Overview and Level Annotations

Branches:
Dungeon (5/15)
 Temple: D:4-7

Altars:


Innate Abilities, Weirdness & Mutations

You have sharp claws.
You have razor-sharp teeth.
You have supernaturally acute eyesight. (SInv)
You cover ground quickly. (Speed+)
You are covered in fur. (AC +1)
Your paws help you pounce on unaware monsters.
You are incapable of wielding weapons or throwing items.
You cannot wear armour.
You gain extra lives every three experience levels.


Message History

You barely miss the bat. Your bite misses the bat. The bat closely misses you.
You closely miss the bat. Your bite misses the bat. The bat closely misses you.
You scratch the bat.
You kill the bat!
An adder comes into view.
The adder moves out of view.
An orc comes into view. It is wielding a +0 club.
Found a hand axe.
A giant cockroach comes into view.
Found a scroll labelled OFFEVO MEHYGI.
You feel yourself speed up. The jackal barely misses you.
You hear the slow rusting of a very distant drain.
Found a stone staircase leading down.
Found a stone staircase leading up.
There is a stone staircase leading down here.
There is a stone staircase leading up here.
You climb upwards.
Found a runed leather armour.
There is a stone staircase leading down here.
You start resting.
Your extra speed is starting to run out.
You start resting.
You feel yourself slow down.
You start resting.
HP restored.
A goblin comes into view. It is wielding a +0 club.
An adder comes into view.
Found 10 gold pieces and a leather armour.
The adder hisses angrily.
The adder bites you.
You are poisoned.
The adder poisons you!
You barely miss the adder. Your bite misses the adder.
You feel sick. The adder barely misses you. The adder bites you.
* * * LOW HITPOINT WARNING * * *
You aren't carrying any potions.
Okay, then.
As you read the scroll labelled WOUR FYESE, it crumbles to dust.
You feel strangely unstable.
It was a scroll of teleportation.
You die...

#### #.. #######
#.# #
#...[.###.##.##
#.....#.......#
#.......#.#...g.
#.>...###@# .#.
#.....# #S....#
####### ##.#..#
.. .$.. .#. ...
.##. .. .. .# [
.. #


You could see an adder.

Vanquished Creatures
  A hobgoblin (D:4)
  A bat (D:3)
2 creatures vanquished.

Notes
Turn   | Place    | Note
-------+----------+-------------------------------------------
     0 | D:5      | croobank the Felid Delver began the quest for the Orb.
     0 | D:5      | Reached XP level 1. HP: 10/10 MP: 2/2
    11 | D:5      | Noticed a scorpion
   493 | D:2      | Succumbed to an adder's poison

Illustrated notes

Levels and vault maps discovered:
D:2:      layout_loops_cross, hellmonk_ecumenical_altar_lost_god
D:3:      layout_basic, portal_sewer_entry_d, chequers_mini_garden
D:4:      layout_gridville, serial_park_tiny_pond
D:5:      layout_basic, minmay_starry_boxes

Action                   || total
-------------------------++-------
Melee: Unarmed           ||     6
  Use: Scroll            ||     2
       Potion            ||     1
 Stab: Sleeping          ||     1
Dodge: Dodged            ||     7
